TOP OF THE 1ST |
Arizona Wildcats batting - Pitching for Cincinnati Bearcats : RHP José Ruíz
|
Pitching: RHP José Ruíz
|
|
Batting: RHB Dean Oglethorpe
|
0-0: Ball 1-0: Foul Ball, location: 2F 1-1: Swinging Strike 1-2: SINGLE (Groundball, 56D)
|
Batting: RHB Donald Fenner
|
0-0: Called Strike 0-1: Foul Ball, location: 2F 0-2: Ball 1-2: Ball 2-2: Foul Ball, location: 2F 2-2: Ground out 5-3 (Groundball, 56S) Dean Oglethorpe to second
|
Batting: RHB Edison Jones
|
0-0: Ball 1-0: Ball 2-0: Ball 3-0: Called Strike 3-1: Fly out, F9 (Flyball, 9LS)
|
Batting: RHB Jon Hartley
|
0-0: Ball 1-0: Ball 2-0: Called Strike 2-1: Called Strike 2-2: Foul Ball, location: 2F 2-2: Fly out, F4 (Popup, 4D)
|
Top of the 1st over - 0 run(s), 1 hit(s), 0 error(s), 1 left on base; Arizona 0 - Cincinnati 0 |
BOTTOM OF THE 1ST |
Cincinnati Bearcats batting - Pitching for Arizona Wildcats : RHP Jean-Philippe St-Laurent
|
Pitching: RHP Jean-Philippe St-Laurent
|
|
Batting: RHB Peter Jones
|
0-0: Ball 1-0: Foul Ball, location: 2F 1-1: Swinging Strike 1-2: Strikes out swinging
|
Batting: SHB Pete Potter
|
0-0: Called Strike 0-1: Ball 1-1: Ground out 6-3 (Groundball, 6)
|
Batting: LHB Caleb Ruíz
|
0-0: Called Strike 0-1: Swinging Strike 0-2: Ball 1-2: Ball 2-2: Foul Ball, location: 2F 2-2: Strikes out swinging
|
Bottom of the 1st over - 0 run(s), 0 hit(s), 0 error(s), 0 left on base; Arizona 0 - Cincinnati 0 |
TOP OF THE 2ND |
Arizona Wildcats batting - Pitching for Cincinnati Bearcats : RHP José Ruíz
|
Batting: SHB José Acevedo
|
0-0: Ball 1-0: Called Strike 1-1: Foul Ball, location: 2F 1-2: Ball 2-2: Ball 3-2: Fly out, F5 (Line Drive, 56)
|
Batting: SHB Andrew Walters
|
0-0: Ball 1-0: Called Strike 1-1: Ball 2-1: Foul Ball, location: 2F 2-2: DOUBLE (Flyball, 7)
|
Batting: RHB José Luján
|
0-0: Foul Ball, location: 2F 0-1: Ball 1-1: Ball 2-1: Ball 3-1: Base on Balls
|
Batting: RHB Lúcio Pagán
|
0-0: Called Strike 0-1: Fly out, F8 (Flyball, 89M)
|
Batting: RHB Thomas Bravo
|
0-0: Called Strike 0-1: Ball 1-1: Swinging Strike 1-2: Ball 2-2: Foul Ball, location: 2F 2-2: Fielders Choice at 2nd, 4-6 (Groundball, 4)
|
Top of the 2nd over - 0 run(s), 1 hit(s), 0 error(s), 1 left on base; Arizona 0 - Cincinnati 0 |
BOTTOM OF THE 2ND |
Cincinnati Bearcats batting - Pitching for Arizona Wildcats : RHP Jean-Philippe St-Laurent
|
Batting: SHB Miguel Price
|
0-0: Ball 1-0: Foul Ball, location: 2F 1-1: Ball 2-1: Foul Ball, location: 2F 2-2: Ball 3-2: Base on Balls
|
Batting: RHB Ron Moore
|
0-0: Foul Ball, location: 2F 0-1: Grounds into double play, 5-4-3 (Groundball, 5)
|
Batting: RHB Craig Porter
|
0-0: Ball 1-0: Ground out U3 (Groundball, 34)
|
Bottom of the 2nd over - 0 run(s), 0 hit(s), 0 error(s), 0 left on base; Arizona 0 - Cincinnati 0 |
TOP OF THE 3RD |
Arizona Wildcats batting - Pitching for Cincinnati Bearcats : RHP José Ruíz
|
Batting: RHB Dean Oglethorpe
|
0-0: Called Strike 0-1: Swinging Strike 0-2: Single, Error in OF, E8, batter to second base
|
Batting: RHB Donald Fenner
|
0-0: Called Strike 0-1: Swinging Strike 0-2: SINGLE (Line Drive, 8LS) Dean Oglethorpe to third
|
Batting: RHB Edison Jones
|
0-0: Ball 1-0: Called Strike 1-1: Fly out, F8 (Flyball, 8RM) Runner from 3rd tags up, SCORES, no throw
|
Batting: RHB Jon Hartley
|
0-0: Ball 1-0: Foul Ball, location: 2F 1-1: Swinging Strike 1-2: Ball 2-2: Ball 3-2: Foul Ball, location: 2F 3-2: Base on Balls Donald Fenner to second
|
Batting: SHB José Acevedo
|
0-0: Foul Ball, location: 2F 0-1: Ball 1-1: Ball 2-1: Ball 3-1: SINGLE (Flyball, 8LS) Donald Fenner to third Jon Hartley to second Runner from 3rd tries for Home, SAFE, throw made home
|
Batting: SHB Andrew Walters
|
0-0: Ball Jon Hartley steals 3rd base José Acevedo to second 1-0: Swinging Strike 1-1: Called Strike 1-2: SINGLE (Groundball, 34D) Jon Hartley scores José Acevedo to third Runner from 3rd tries for Home, SAFE, throw made home
|
Batting: RHB José Luján
|
0-0: Called Strike 0-1: Ball 1-1: Swinging Strike 1-2: Strikes out swinging
|
Batting: RHB Lúcio Pagán
|
0-0: Ball 1-0: Called Strike 1-1: Ground out 5-3 (Groundball, 56S)
|
Top of the 3rd over - 4 run(s), 4 hit(s), 1 error(s), 1 left on base; Arizona 4 - Cincinnati 0 |
BOTTOM OF THE 3RD |
Cincinnati Bearcats batting - Pitching for Arizona Wildcats : RHP Jean-Philippe St-Laurent
|
Batting: RHB Larry O'Sheill
|
0-0: Fly out, F9 (Flyball, 9LS)
|
Batting: RHB Ralph Summers
|
0-0: Fly out, F8 (Flyball, 8LD)
|
Batting: LHB Lee Price
|
0-0: Ball 1-0: Fly out, F6 (Line Drive, 6)
|
Bottom of the 3rd over - 0 run(s), 0 hit(s), 0 error(s), 0 left on base; Arizona 4 - Cincinnati 0 |
TOP OF THE 4TH |
Arizona Wildcats batting - Pitching for Cincinnati Bearcats : RHP José Ruíz
|
Batting: RHB Thomas Bravo
|
0-0: Ball 1-0: Called Strike 1-1: Swinging Strike 1-2: Fly out, F8 (Line Drive, 8LS)
|
Pitching: LHP Oscar Trottier
|
|
Batting: RHB Dean Oglethorpe
|
0-0: Swinging Strike 0-1: Foul Ball, location: 2F 0-2: Ball 1-2: Ball 2-2: SINGLE (Groundball, 6MD)
|
Batting: RHB Donald Fenner
|
0-0: Ball Dean Oglethorpe is caught stealing 2nd base 1-0: Called Strike 1-1: Foul Ball, location: 2F 1-2: Ground out 6-3 (Groundball, 6)
|
Top of the 4th over - 0 run(s), 1 hit(s), 0 error(s), 0 left on base; Arizona 4 - Cincinnati 0 |
BOTTOM OF THE 4TH |
Cincinnati Bearcats batting - Pitching for Arizona Wildcats : RHP Jean-Philippe St-Laurent
|
Batting: RHB Peter Jones
|
0-0: Foul Ball, location: 2F 0-1: SINGLE (Groundball, 56S) (infield hit)
|
Batting: SHB Pete Potter
|
0-0: Called Strike 0-1: Ball 1-1: Foul Ball, location: 2F 1-2: Ball 2-2: Ball 3-2: Fly out, F7 (Flyball, 78M)
|
Batting: LHB Caleb Ruíz
|
0-0: Ball 1-0: Ball 2-0: Foul Ball, location: 2F 2-1: Foul Ball, location: 2F 2-2: Foul Ball, location: 2F 2-2: Ball 3-2: SINGLE (Groundball, 6D) Peter Jones to second
|
Batting: SHB Miguel Price
|
0-0: Called Strike 0-1: Ball 1-1: Foul Ball, location: 2F 1-2: SINGLE (Groundball, 4MD) Peter Jones to third Caleb Ruíz to second Runner from 3rd tries for Home, SAFE, throw made home
|
Batting: RHB Ron Moore
|
0-0: Ball 1-0: Called Strike 1-1: Ball 2-1: Foul Ball, location: 2F 2-2: SINGLE (Groundball, 34D) Caleb Ruíz to third Miguel Price to second
|
Batting: RHB Craig Porter
|
0-0: Called Strike 0-1: Called Strike 0-2: Reached via error on a dropped throw, E4 Caleb Ruíz scores Miguel Price to third Ron Moore to second
|
Batting: RHB Larry O'Sheill
|
0-0: Ball 1-0: Foul Ball, location: 2F 1-1: Ball 2-1: Fly out, F9 (Flyball, 9S)
|
Batting: RHB Ralph Summers
|
0-0: Swinging Strike 0-1: Ball 1-1: Fly out, F8 (Flyball, 8RM)
|
Bottom of the 4th over - 2 run(s), 4 hit(s), 1 error(s), 3 left on base; Arizona 4 - Cincinnati 2 |
TOP OF THE 5TH |
Arizona Wildcats batting - Pitching for Cincinnati Bearcats : LHP Oscar Trottier
|
Batting: RHB Edison Jones
|
0-0: Called Strike 0-1: Ball 1-1: Ball 2-1: Ball 3-1: Foul Ball, location: 2F 3-2: Foul Ball, location: 2F 3-2: Base on Balls
|
Batting: RHB Jon Hartley
|
0-0: Called Strike 0-1: Swinging Strike 0-2: Ball 1-2: SINGLE (Groundball, 6D) Edison Jones to second
|
Batting: SHB José Acevedo
|
0-0: Ball 1-0: Ball 2-0: Reached on error, E5 (Groundball, 25) Edison Jones scores Jon Hartley to third
|
Batting: SHB Andrew Walters
|
0-0: Ball 1-0: Ball 2-0: Ground out 5-3 (Groundball, 56) Jon Hartley scores
|
Batting: RHB José Luján
|
0-0: Intentional Walk
|
Batting: RHB Lúcio Pagán
|
0-0: Called Strike 0-1: Ball 1-1: Ball 2-1: Swinging Strike 2-2: Ball 3-2: Grounds into double play, 4-6-3 (Groundball, 4)
|
Top of the 5th over - 2 run(s), 1 hit(s), 1 error(s), 1 left on base; Arizona 6 - Cincinnati 2 |
BOTTOM OF THE 5TH |
Cincinnati Bearcats batting - Pitching for Arizona Wildcats : RHP Jean-Philippe St-Laurent
|
Batting: LHB Lee Price
|
0-0: Called Strike 0-1: Foul Ball, location: 2F 0-2: Ball 1-2: DOUBLE (Groundball, 3L)
|
Batting: RHB Peter Jones
|
0-0: Ball 1-0: Fly out, F9 (Flyball, 9S)
|
Batting: SHB Pete Potter
|
0-0: Ball 1-0: Foul Ball, location: 2F 1-1: Ground out 4-3 (Groundball, 4) Lee Price to third
|
Batting: LHB Caleb Ruíz
|
0-0: Ball 1-0: Called Strike 1-1: Ball 2-1: DOUBLE (Line Drive, 9LM) Lee Price scores
|
Batting: SHB Miguel Price
|
0-0: Ball 1-0: Fly out, F7 (Flyball, 7)
|
Bottom of the 5th over - 1 run(s), 2 hit(s), 0 error(s), 1 left on base; Arizona 6 - Cincinnati 3 |
TOP OF THE 6TH |
Arizona Wildcats batting - Pitching for Cincinnati Bearcats : LHP Oscar Trottier
|
Batting: RHB Thomas Bravo
|
0-0: Ball 1-0: Swinging Strike 1-1: Foul Ball, location: 2F 1-2: Ball 2-2: Strikes out swinging
|
Batting: RHB Dean Oglethorpe
|
0-0: Foul Ball, location: 2F 0-1: Foul Ball, location: 2F 0-2: Ball 1-2: Foul Ball, location: 2F 1-2: Foul Ball, location: 2F 1-2: Foul Ball, location: 2F 1-2: Ball 2-2: Foul Ball, location: 2F 2-2: DOUBLE (Line Drive, 78M)
|
Batting: RHB Donald Fenner
|
0-0: Intentional Walk
|
Pitching: RHP Chris Miller
|
|
Batting: RHB Edison Jones
|
0-0: Called Strike 0-1: Swinging Strike 0-2: Fielders Choice at 2nd, 4-6 (Groundball, 4M) Dean Oglethorpe to third
|
Batting: RHB Jon Hartley
|
0-0: Ball 1-0: Swinging Strike 1-1: Fly out, F9 (Flyball, 89S)
|
Top of the 6th over - 0 run(s), 1 hit(s), 0 error(s), 2 left on base; Arizona 6 - Cincinnati 3 |
BOTTOM OF THE 6TH |
Cincinnati Bearcats batting - Pitching for Arizona Wildcats : RHP Jean-Philippe St-Laurent
|
Batting: RHB Ron Moore
|
0-0: Called Strike 0-1: Ball 1-1: Ball 2-1: Ball 3-1: Foul Ball, location: 2F 3-2: Base on Balls
|
Pitching: RHP Cedric Shaw
|
|
Batting: RHB Craig Porter
|
0-0: Ball 1-0: Foul Ball, location: 2F 1-1: Grounds into double play, 4-6-3 (Groundball, 4)
|
Batting: RHB Larry O'Sheill
|
0-0: Foul Ball, location: 2F 0-1: Ball 1-1: Swinging Strike 1-2: Strikes out looking
|
Bottom of the 6th over - 0 run(s), 0 hit(s), 0 error(s), 0 left on base; Arizona 6 - Cincinnati 3 |
TOP OF THE 7TH |
Arizona Wildcats batting - Pitching for Cincinnati Bearcats : RHP Chris Miller
|
Batting: SHB José Acevedo
|
0-0: Called Strike 0-1: Swinging Strike 0-2: Ball 1-2: Ball 2-2: Strikes out swinging
|
Batting: SHB Andrew Walters
|
0-0: Ball 1-0: Foul Ball, location: 2F 1-1: Called Strike 1-2: Strikes out looking
|
Batting: RHB José Luján
|
0-0: Called Strike 0-1: Ball 1-1: Fly out, F7 (Flyball, 7)
|
Top of the 7th over - 0 run(s), 0 hit(s), 0 error(s), 0 left on base; Arizona 6 - Cincinnati 3 |
BOTTOM OF THE 7TH |
Cincinnati Bearcats batting - Pitching for Arizona Wildcats : RHP Cedric Shaw
|
Batting: RHB Ralph Summers
|
0-0: Ball 1-0: Foul Ball, location: 2F 1-1: Swinging Strike 1-2: Ball 2-2: Fly out, F8 (Flyball, 8LS)
|
Batting: LHB Lee Price
|
0-0: Ball 1-0: Called Strike 1-1: Ball 2-1: Foul Ball, location: 2F 2-2: Ball 3-2: Strikes out looking
|
Batting: RHB Peter Jones
|
0-0: Ball 1-0: Foul Ball, location: 2F 1-1: SINGLE (Line Drive, 6M)
|
Batting: SHB Pete Potter
|
0-0: Called Strike 0-1: Foul Ball, location: 2F 0-2: Ball 1-2: Strikes out swinging
|
Bottom of the 7th over - 0 run(s), 1 hit(s), 0 error(s), 1 left on base; Arizona 6 - Cincinnati 3 |
TOP OF THE 8TH |
Arizona Wildcats batting - Pitching for Cincinnati Bearcats : RHP Chris Miller
|
Batting: RHB Lúcio Pagán
|
0-0: Ball 1-0: Ball 2-0: Ball 3-0: Base on Balls
|
Batting: RHB Thomas Bravo
|
0-0: Bunted foul 0-1: Bunt missed! 0-2: Ball 1-2: Ball 2-2: SINGLE (Line Drive, 89S) Lúcio Pagán to second
|
Batting: RHB Dean Oglethorpe
|
0-0: Ball 1-0: Called Strike 1-1: Ball 2-1: Called Strike 2-2: Ball 3-2: Foul Ball, location: 2F 3-2: Base on Balls Lúcio Pagán to third Thomas Bravo to second
|
Batting: RHB Donald Fenner
|
0-0: Ball 1-0: Called Strike 1-1: SINGLE (Flyball, 6MD) Lúcio Pagán scores Thomas Bravo to third Dean Oglethorpe to second
|
Batting: RHB Edison Jones
|
0-0: Called Strike 0-1: Called Strike 0-2: Strikes out swinging
|
Batting: RHB Jon Hartley
|
0-0: Ball 1-0: Ball 2-0: Called Strike 2-1: Called Strike 2-2: Ball 3-2: Base on Balls Thomas Bravo scores Dean Oglethorpe to third Donald Fenner to second
|
Batting: SHB José Acevedo
|
0-0: Called Strike 0-1: Ball 1-1: Ball 2-1: Ball 3-1: Base on Balls Dean Oglethorpe scores Donald Fenner to third Jon Hartley to second
|
Batting: SHB Andrew Walters
|
0-0: Foul Ball, location: 2F 0-1: Ball 1-1: SINGLE (Groundball, 6MD) Donald Fenner scores Jon Hartley to third José Acevedo to second Runner from 3rd tries for Home, throw and OUT!
|
Pitching: RHP George Gallagher
|
|
Batting: RHB José Luján
|
0-0: Swinging Strike 0-1: Ball 1-1: Ball 2-1: Swinging Strike 2-2: Foul Ball, location: 2F 2-2: Strikes out looking
|
Top of the 8th over - 4 run(s), 3 hit(s), 0 error(s), 2 left on base; Arizona 10 - Cincinnati 3 |
BOTTOM OF THE 8TH |
Cincinnati Bearcats batting - Pitching for Arizona Wildcats : RHP Cedric Shaw
|
Batting: LHB Caleb Ruíz
|
0-0: Foul Ball, location: 2F 0-1: Ball 1-1: Swinging Strike 1-2: Ball 2-2: Ball 3-2: SINGLE (Line Drive, 9LS)
|
Batting: SHB Miguel Price
|
0-0: Grounds into double play, 4-6-3 (Groundball, 4)
|
Batting: RHB Ron Moore
|
0-0: Ball 1-0: Fly out, F8 (Flyball, 8LM)
|
Bottom of the 8th over - 0 run(s), 1 hit(s), 0 error(s), 0 left on base; Arizona 10 - Cincinnati 3 |
TOP OF THE 9TH |
Arizona Wildcats batting - Pitching for Cincinnati Bearcats : RHP George Gallagher
|
Batting: RHB Lúcio Pagán
|
0-0: Foul Ball, location: 2F 0-1: Called Strike 0-2: Strikes out swinging
|
Batting: RHB Thomas Bravo
|
0-0: Called Strike 0-1: Called Strike 0-2: Fly out, F8 (Flyball, 8LS)
|
Batting: RHB Dean Oglethorpe
|
0-0: Called Strike 0-1: Swinging Strike 0-2: Ball 1-2: Foul Ball, location: 2F 1-2: Foul Ball, location: 2F 1-2: SINGLE (Flyball, 8LS)
|
Batting: RHB Donald Fenner
|
0-0: Ball 1-0: Ball 2-0: Foul Ball, location: 2F 2-1: Swinging Strike 2-2: Fly out, F8 (Line Drive, 8LM)
|
Top of the 9th over - 0 run(s), 1 hit(s), 0 error(s), 1 left on base; Arizona 10 - Cincinnati 3 |
BOTTOM OF THE 9TH |
Cincinnati Bearcats batting - Pitching for Arizona Wildcats : RHP Cedric Shaw
|
Batting: RHB Craig Porter
|
0-0: Ball 1-0: SINGLE (Groundball, 56D)
|
Batting: RHB Larry O'Sheill
|
0-0: Ball 1-0: Grounds into double play, 4-6-3 (Groundball, 4M)
|
Batting: RHB Ralph Summers
|
0-0: Called Strike 0-1: Ball 1-1: Foul Ball, location: 2F 1-2: Fly out, F7 (Flyball, 78D)
|
Bottom of the 9th over - 0 run(s), 1 hit(s), 0 error(s), 0 left on base; Arizona 10 - Cincinnati 3 |
|